 Dungeon Sprint DCSS version 0.30-a0-272-gf98c3da03f (webtiles) character file.

Game seed: 6077472358656135808

12607 purpskrrrp the Brawler (level 11, 0/177 HPs)
             Began as a Troll Fighter on Oct 15, 2022.
             Was the Champion of Makhleb.
             Slain by a 13-headed hydra (2 damage)
             ... while paralysed by a floating eye
             ... in the Dungeon (Sprint I: "Red Sonja").
             The game lasted 00:18:25 (1309 turns).

purpskrrrp the Brawler (Troll Fighter)              Turns: 1309, Time: 00:18:26

Health: 0/177      AC:  3    Str: 33 (34) XL:     11   Next: 64%
Magic:  16/16      EV:  1    Int:  6 (8)  God:    Makhleb [******]
Gold:   6          SH:  0    Dex:  6      Spells: 10/10 levels left

rFire   . . .      SeeInvis .      - Unarmed
rCold   . . .      Faith    .    b - +2 kite shield
rNeg    + . .      Spirit   .    a - +0 robe
rPois   +          Reflect  +    (helmet restricted)
rElec   .          Harm     .    (no cloak)
rCorr   .          Rampage  .    (gloves unavailable)
Will    .....      NoTele   +    (boots unavailable)
Stlth   ..........               k - amulet of reflection
HPRegen 1.29/turn                j - +6 ring of strength
MPRegen 0.15/turn                n - ring "Zuigh" {rPois rN+ Int+6 Dex-3 Slay+4}

@: paralysed, berserking, unable to read
A: large, unfitting armour, claws 3, regeneration 1, shaggy fur 1, tough skin 1,
deformed body, deterioration 1, dopey 1, high MP 1, weak 1, inability to drink
after injury 1, inability to read after injury 2, noise suppression, devolution
1
a: Renounce Religion, Minor Destruction, Lesser Servant of Makhleb, Major
Destruction, Greater Servant of Makhleb


You were in the Dungeon.
You worshipped Makhleb.
Makhleb was exalted by your worship.
You visited 1 branch You collected 1809 gold pieces.
You spent 1803 gold pieces at shops.

Inventory:

Hand Weapons
 m - a +5 battleaxe of flaming
Missiles
 l - a curare-tipped dart (quivered)
Armour
 a - a +0 robe (worn)
 b - a +2 kite shield (worn)
Jewellery
 j - a +6 ring of strength (left claw)
 k - an amulet of reflection (around neck)
 n - the ring "Zuigh" (right claw) {rPois rN+ Int+6 Dex-3 Slay+4}
   (You acquired it in the Dungeon)

   [ring of intelligence]

   Int:       It affects your intelligence (+6).
   Dex:       It affects your dexterity (-3).
   Slay:      It affects your accuracy & damage with ranged weapons and melee
   (+4).
   rPois:     It protects you from poison.
   rN:        It protects you from negative energy.
Wands
 c - a wand of flame (13)
 e - a wand of mindburst (11)
Scrolls
 d - 2 scrolls of immolation
 i - 3 scrolls of blinking
 o - a scroll of enchant armour
Potions
 f - 4 potions of curing
 g - 2 potions of magic
 h - a potion of invisibility
 p - 3 potions of heal wounds
 r - a potion of haste


   Skills:
 + Level 10.2 Fighting
 + Level 2.5 Throwing
 + Level 11.7 Dodging
 + Level 1.2 Stealth
 + Level 12.8 Shields
 + Level 17.8 Unarmed Combat
 * Level 7.1 Invocations


You had 10 spell levels left.
You didn't know any spells.
Your spell library was empty.

Dungeon Overview and Level Annotations

Branches:
Dungeon (1/1)

Altars:
Cheibriados
Dithmenos
Elyvilon
Fedhas
Gozag
Hepliaklqana
Kikubaaqudgha
Makhleb
Nemelex Xobeh
Okawaru
Qazlal
Ru
Sif Muna
Trog
Uskayaw
Vehumet
Wu Jian
Xom
Yredelemnul
Zin
The Shining One
Jiyva
Lugonu

Shops:
D ([?!?=?*??(*::[[=*![:


Innate Abilities, Weirdness & Mutations

You are too large for most types of armour.
You have claws for hands.
Your natural rate of healing is unusually fast.
You are covered in fur. (AC +1)
You have tough skin. (AC +1)
Armour fits poorly on your strangely shaped body.
Your body sometimes deteriorates upon taking damage.
You are dopey. (Int -2)
You have an increased reservoir of magic. (+10% MP)
You are weak. (Str -2)
You occasionally lose the ability to drink potions when taking damage.
You sometimes lose the ability to read scrolls when taking damage.
You passively dampen the noise of your surroundings.
You have hidden genetic defects.


Message History

Your body deteriorates!
You feel dopey. The 13-headed hydra closely misses you.
The 13-headed hydra bites you. The 13-headed hydra barely misses you.
You block the 13-headed hydra's attack. The 13-headed hydra barely misses you.
You block the 13-headed hydra's attack. The 13-headed hydra barely misses you.
The 13-headed hydra bites you but does no damage.
You barely miss the 13-headed hydra.
The 13-headed hydra is moderately wounded.
You block the 13-headed hydra's attack. The 13-headed hydra bites you!
You feel threatened and lose the ability to read scrolls!
Your body deteriorates!
You feel dopey. You block the 13-headed hydra's attack.
The 13-headed hydra closely misses you.
The 13-headed hydra bites you. x2; The 13-headed hydra bites you!
The 13-headed hydra closely misses you.
You block the 13-headed hydra's attack. x2
The 13-headed hydra bites you! The 13-headed hydra bites you.
The 13-headed hydra misses you.
You cannot read scrolls in your current state!
A red film seems to cover your vision as you go berserk!
You feel yourself moving faster!
You feel mighty! The floating eye's view fixates on you.
The 13-headed hydra bites you!
You block the 13-headed hydra's attack. x2
The 13-headed hydra closely misses you. You block the 13-headed hydra's attack.
The 13-headed hydra bites you!
* * * LOW HITPOINT WARNING * * *
The 13-headed hydra closely misses you. The 13-headed hydra bites you!
* * * LOW HITPOINT WARNING * * *
The 13-headed hydra completely misses you.
The 13-headed hydra bites you but does no damage.
The 13-headed hydra bites you!
* * * LOW HITPOINT WARNING * * *
The 13-headed hydra closely misses you. You block the 13-headed hydra's attack.
You feel a strong urge to attack something.
The floating eye gazes piercingly through you!
You suddenly lose the ability to move!
The 13-headed hydra bites you!
* * * LOW HITPOINT WARNING * * *
The 13-headed hydra bites you.
* * * LOW HITPOINT WARNING * * *
The 13-headed hydra bites you.
You die...

######################***********
.).#..#§§§.'.§§§@DG.$#,,+,,,,*,,,
)..##'#§####§§§§§##$.+,,*,,,,**,,
..)'..#§#,*##.§§##**##*+*,,,,,***
####.§'§#+*,###+#,,,**,,*,,,,,*,,
..##+####,,,*,#.#*,,,*,,**,,,,*,∩
.§#...,,*,,,**#..###$#,,~***+**,,
..#..○°,+,,,,,##.#A#$#,,~,,*,****
#'###°○.*,,,,,*,.###$#,,~,**+*,,,
#.'.#°.☼#**++**,##..$#,,~**,,,,,,


You could see a 13-headed hydra and a floating eye.

Vanquished Creatures
  2 centaur warriors (D)
  Sonja (D)
  A deep troll (D)
  A lindwurm (D)
  8 shining eyes (D)
  An oklob plant (D)
  A gargoyle (D)
  2 kobold demonologists (D)
  2 unseen horrors (D)
  4 demonic crawlers (D)
  A hornet (D)
  A slime creature (D)
  Sigmund (D)
  A yak (D)
  13 hogs (D)
  2 redbacks (D)
  6 floating eyes (D)
  An ogre (D)
  7 necrophages (D)
  8 jellies (D)
  Ijyb (D)
65 creatures vanquished.

Vanquished Creatures (others)
  2 ballistomycete spores (D)
2 creatures vanquished.

Grand Total: 67 creatures vanquished

Notes
Turn   | Place    | Note
-------+----------+-------------------------------------------
     0 | D        | purpskrrrp the Troll Fighter began the quest for the Orb.
     0 | D        | Reached XP level 1. HP: 22/22 MP: 0/0
     2 | D        | Noticed Ijyb
     5 | D        | Killed Ijyb
     6 | D        | Reached XP level 2. HP: 31/31 MP: 1/1
    10 | D        | Noticed an ogre
    15 | D        | Killed an ogre
    16 | D        | Reached skill level 5 in Shields
    16 | D        | Reached skill level 3 in Unarmed Combat
    16 | D        | Reached XP level 3. HP: 41/41 MP: 2/2
    16 | D        | Reached XP level 4. HP: 49/49 MP: 3/3
    19 | D        | Noticed Sigmund
    26 | D        | Killed Sigmund
    27 | D        | Reached skill level 4 in Unarmed Combat
    27 | D        | Reached XP level 5. HP: 33/59 MP: 4/4
    27 | D        | Reached XP level 6. HP: 38/67 MP: 5/5
    37 | D        | Found a burning altar of Makhleb.
    37 | D        | Found a viscous altar of Jiyva.
    37 | D        | Found a shimmering altar of Xom.
    37 | D        | Found a corrupted altar of Lugonu.
    37 | D        | Noticed a slime creature
    45 | D        | Killed a slime creature
    46 | D        | Reached skill level 5 in Unarmed Combat
    46 | D        | Found an ornate altar of the Wu Jian Council.
    46 | D        | Found a shimmering blue altar of Sif Muna.
    48 | D        | Found a radiant altar of Vehumet.
   195 | D        | Became a worshipper of Makhleb the Destroyer
   208 | D        | Noticed a kobold demonologist
   208 | D        | Noticed a floating eye
   209 | D        | Noticed a kobold demonologist
   212 | D        | Paralysed by a floating eye for 2 turns
   217 | D        | Killed a kobold demonologist
   218 | D        | Reached skill level 7 in Unarmed Combat
   218 | D        | Reached XP level 7. HP: 79/79 MP: 6/6
   221 | D        | Paralysed by a floating eye for 2 turns
   227 | D        | Killed a kobold demonologist
   228 | D        | Reached XP level 8. HP: 88/88 MP: 7/7
   228 | D        | Reached * piety under Makhleb
   229 | D        | Reached skill level 8 in Unarmed Combat
   238 | D        | Noticed a demonic crawler
   238 | D        | Noticed a demonic crawler
   238 | D        | Noticed a demonic crawler
   238 | D        | Noticed a demonic crawler
   244 | D        | Noticed a gargoyle
   245 | D        | Killed a demonic crawler
   248 | D        | Killed a demonic crawler
   248 | D        | Reached ** piety under Makhleb
   249 | D        | Reached skill level 9 in Unarmed Combat
   253 | D        | Killed a demonic crawler
   254 | D        | Reached skill level 10 in Shields
   257 | D        | Killed a demonic crawler
   258 | D        | Reached skill level 10 in Unarmed Combat
   258 | D        | Reached XP level 9. HP: 24/98 MP: 8/8
   264 | D        | Killed a gargoyle
   336 | D        | Noticed a lindwurm
   342 | D        | Killed a lindwurm
   342 | D        | Reached *** piety under Makhleb
   343 | D        | Reached skill level 10 in Dodging
   343 | D        | Reached skill level 11 in Unarmed Combat
   357 | D        | Reached **** piety under Makhleb
   358 | D        | Reached skill level 12 in Unarmed Combat
   378 | D        | Reached ***** piety under Makhleb
   379 | D        | Reached XP level 10. HP: 98/107 MP: 9/9
   385 | D        | Reached skill level 13 in Unarmed Combat
   415 | D        | Noticed a daeva
   446 | D        | Noticed a centaur warrior
   465 | D        | Found a hazy altar of Hepliaklqana.
   465 | D        | Found a hide-covered altar of Uskayaw.
   466 | D        | Found Reum's Distillery.
   466 | D        | Noticed Sonja
   467 | D        | Found a stormy altar of Qazlal.
   467 | D        | Found a blossoming altar of Fedhas.
   467 | D        | Found a bloodstained altar of Trog.
   467 | D        | Found an iron altar of Okawaru.
   467 | D        | Found a sacrificial altar of Ru.
   467 | D        | Found a glowing silver altar of Zin.
   468 | D        | Found an ancient bone altar of Kikubaaqudgha.
   468 | D        | Found a basalt altar of Yredelemnul.
   468 | D        | Found a glowing golden altar of the Shining One.
   468 | D        | Found a snail-covered altar of Cheibriados.
   468 | D        | Found a shadowy altar of Dithmenos.
   468 | D        | Found a white marble altar of Elyvilon.
   476 | D        | Noticed a deep troll
   481 | D        | Reached skill level 1 in Invocations
   481 | D        | Killed Sonja
   481 | D        | Reached ****** piety under Makhleb
   482 | D        | Reached skill level 14 in Unarmed Combat
   487 | D        | Killed a deep troll
   488 | D        | Found an opulent altar of Gozag.
   489 | D        | Found a sparkling altar of Nemelex Xobeh.
   585 | D        | Found Atappori's Weapon Boutique.
   585 | D        | Noticed a shining eye
   585 | D        | Noticed a shining eye
   586 | D        | Paralysed by a floating eye for 2 turns
   598 | D        | Killed a centaur warrior
   621 | D        | Noticed an oklob plant
   683 | D        | Killed a shining eye
   684 | D        | Reached skill level 15 in Unarmed Combat
   685 | D        | Noticed a shining eye
   686 | D        | Noticed a shining eye
   686 | D        | Noticed a shining eye
   686 | D        | Noticed a shining eye
   686 | D        | Gained mutation: You occasionally lose the ability to read
                  | scrolls when taking damage. [a shining eye]
   686 | D        | Paralysed by a floating eye for 3 turns
   687 | D        | Gained mutation: You have an increased reservoir of magic.
                  | (+10% MP) [a shining eye]
   698 | D        | Gained mutation: Your body sometimes deteriorates upon
                  | taking damage. [a shining eye]
   701 | D        | Killed a shining eye
   702 | D        | Reached XP level 11. HP: 117/117 MP: 14/14
   703 | D        | Killed a shining eye
   703 | D        | Gained mutation: Armour fits poorly on your strangely
                  | shaped body. [a shining eye]
   704 | D        | Reached skill level 10 in Fighting
   704 | D        | Reached skill level 1 in Throwing
   710 | D        | Killed a shining eye
   711 | D        | Reached skill level 1 in Stealth
   711 | D        | Reached skill level 5 in Invocations
   711 | D        | Gained mutation: You passively dampen the noise of your
                  | surroundings. [a shining eye]
   712 | D        | Gained mutation: You are dopey. (Int -2) [a shining eye]
   716 | D        | Gained mutation: You have hidden genetic defects. [a
                  | shining eye]
   717 | D        | Killed a shining eye
   718 | D        | Reached skill level 16 in Unarmed Combat
   722 | D        | Killed a shining eye
   724 | D        | Noticed a centaur warrior
   735 | D        | Killed a centaur warrior
   740 | D        | Noticed a shining eye
   740 | D        | Noticed a shining eye
   740 | D        | Paralysed by a floating eye for 3 turns
   743 | D        | Gained mutation: You occasionally lose the ability to drink
                  | potions when taking damage. [a shining eye]
   744 | D        | Gained mutation: You are weak. (Str -2) [a shining eye]
   752 | D        | Killed a shining eye
   753 | D        | Gained mutation: You sometimes lose the ability to read
                  | scrolls when taking damage. [a shining eye]
   754 | D        | Killed a shining eye
   755 | D        | Reached skill level 17 in Unarmed Combat
   756 | D        | Found Neerunk's Antique Armour Shoppe.
   756 | D        | Found Nekionna's Magic Scroll Emporium.
   758 | D        | Found Extiy's Jewellery Boutique.
   760 | D        | Found Tuuf's Magic Scroll Shop.
   763 | D        | Bought a scroll of identify for 20 gold pieces
   764 | D        | Bought a scroll of identify for 20 gold pieces
   774 | D        | Bought a scroll of enchant armour for 75 gold pieces
   774 | D        | Bought a scroll of magic mapping for 75 gold pieces
   774 | D        | Bought a scroll of enchant armour for 75 gold pieces
   788 | D        | Bought a +6 ring of strength for 504 gold pieces
   827 | D        | Found Suedawaf's Armour Emporium.
   859 | D        | Killed an oklob plant
  1086 | D        | Found Atuicea's Assorted Antiques.
  1086 | D        | Found Qatyples's Magic Scroll Shop.
  1086 | D        | Found Ullahonn's Magic Scroll Boutique.
  1088 | D        | Found Qut Maom's Magic Scroll Emporium.
  1088 | D        | Found Mybomimu's Antique Weapon Shop.
  1088 | D        | Found Ynyehed's General Store.
  1088 | D        | Found Siadac's Book Boutique.
  1088 | D        | Found Neekapp's Book Emporium.
  1088 | D        | Found Cilew's Antique Armour Shop.
  1088 | D        | Found Zoifiyq's Antique Armour Shoppe.
  1091 | D        | Bought a scroll labelled MICKENO WYCHYL for 27 gold pieces
  1091 | D        | Bought a scroll labelled WEIGIER REEHUAKH for 27 gold
                  | pieces
  1196 | D        | Found Etixkor's Jewellery Boutique.
  1196 | D        | Found Esukav's Distillery.
  1196 | D        | Found Fuhiv's General Store.
  1196 | D        | Found Jaig Icimp's Book Emporium.
  1215 | D        | Bought a scroll of acquirement for 520 gold pieces
  1215 | D        | Acquired the ring "Zuigh" {rPois rN+ Int+6 Dex-3 Slay+4}
  1226 | D        | Bought a scroll of enchant armour for 90 gold pieces
  1226 | D        | Bought a potion of heal wounds for 60 gold pieces
  1227 | D        | Bought a potion of curing for 30 gold pieces
  1227 | D        | Bought a potion of heal wounds for 50 gold pieces
  1227 | D        | Bought a potion of berserk rage for 50 gold pieces
  1227 | D        | Bought a potion of heal wounds for 50 gold pieces
  1227 | D        | Bought a potion of curing for 30 gold pieces
  1227 | D        | Bought a potion of haste for 100 gold pieces
  1303 | D        | Noticed a 12-headed hydra
  1307 | D        | Paralysed by a floating eye for 3 turns
  1309 | D        | HP: 6/177 [13-headed hydra (12)]
  1309 | D        | HP: 2/177 [13-headed hydra (4)]
  1309 | D        | Slain by a 13-headed hydra

Illustrated notes

Levels and vault maps discovered:
D:        dungeon_sprint_1 [red_sonja_temple_1, red_sonja_temple_small_1]

Skill      XL: |  1  2  3  4  5  6  7  8  9 10 11 |
---------------+----------------------------------+-----
Fighting       | 3 4 6 7 8 9 10 | 10.2
Dodging        | 3 4 6 7 8 9 10 11 | 11.7
Shields        | 3 5 6 8 9 10 11 12 | 12.8
Unarmed Combat | 3 4 7 10 12 15 17 | 17.8
Invocations    | 4 7 |  7.1
Throwing       | 2 |  2.5
Stealth        | 1 |  1.2

Action                   |  1- 3 |  4- 6 |  7- 9 | 10-12 || total
-------------------------+-------+-------+-------+-------++-------
Melee: Unarmed           |     6 |    21 |    68 |   124 ||   219
Throw: Dart              |       |       |       |    10 ||    10
  Use: Potion            |     1 |       |     3 |     2 ||     6
       Scroll            |       |       |       |     8 ||     8
Armor: Robe              |       |     1 |     3 |     9 ||    13
Dodge: Dodged            |     1 |     3 |    34 |    37 ||    75
Block: Kite shield       |     2 |     2 |    29 |    52 ||    85

Table legend: (Time is in decaauts)
 A = Elapsed time spent in this place.
 B = Non-inter-level travel time spent in this place.
 C = Inter-level travel time spent in this place.
 D = Time resting spent in this place.
 E = Time spent auto-exploring this place.
 F = Levels seen in this place.
 G = Mean time per level.
                   A        B        C        D        E       F      G
               +--------+--------+--------+--------+--------+-----+--------+
         Total |   1272 |   1083 |    189 |    350 |     26 |   1 | 1272.0 |
       Dungeon |   1272 |   1083 |    189 |    350 |     26 |   1 | 1272.0 |
               +--------+--------+--------+--------+--------+-----+--------+

Top non-repeatable levels by time:
       D: 1272 daAuts
